 Dungeon Crawl Stone Soup version 0.21.1 (webtiles) character file.

83 nikopol the Magician (level 4, -3/24 HPs)
             Began as a Deep Elf Fire Elementalist on Feb 4, 2018.
             Slain by an orc
             ... wielding a +1 mace of crushing
              (6 damage)
             ... on level 2 of the Dungeon.
             The game lasted 00:08:10 (2020 turns).

nikopol the Magician (Deep Elf Fire Elementalist)   Turns: 2020, Time: 00:08:11

Health: -3/24      AC:  3    Str:  5    XL:     4   Next: 22%
Magic:  1/12       EV: 13    Int: 21    God:
Gold:   160        SH:  0    Dex: 15    Spells: 10/11 levels left

rFire    . . .     SeeInvis .   f - +0 dagger
rCold    . . .     Gourm    .   (no shield)
rNeg     . . .     Faith    .   a - +0 robe
rPois    .         Spirit   .   (no helmet)
rElec    .         Reflect  .   r - +0 cloak (curse)
rCorr    .         Harm     .   (no gloves)
MR       .....                  (no boots)
Stlth    ++........             (no amulet)
HPRegen  0.08/turn              s - ring of flight
MPRegen  0.13/turn              (no ring)

@: lethally poisoned (-3 -> -4), very slightly contaminated
A: no striking features
a: Evoke Flight


You were on level 2 of the Dungeon.
You were not hungry.

You visited 1 branch of the dungeon, and saw 3 of its levels.

You collected 160 gold pieces.

Inventory:

Hand Weapons
 f - a +0 dagger (weapon)
 j - a +0 dagger
Armour
 a - a +0 robe (worn)
 r - a cursed +0 cloak (worn)
Jewellery
 s - a ring of flight (left hand)
Scrolls
 d - a scroll of fear {unknown}
 e - a scroll of immolation {unknown}
 g - a scroll of enchant weapon {unknown}
 k - 3 scrolls of identify {unknown}
 l - a scroll of enchant armour {unknown}
 m - a scroll of remove curse {unknown}
 n - 2 scrolls of magic mapping {unknown}
 p - a scroll of blinking {unknown}
 q - a scroll of teleportation {unknown}
Potions
 h - a potion of might {unknown}
 i - a potion of resistance {unknown}
 o - 2 potions of degeneration {unknown}
 t - a potion of brilliance {unknown}
Books
 b - a book of Flames

   Spells                             Type                      Level
   a - Flame Tongue                   Conjuration/Fire             1
   b - Throw Flame                    Conjuration/Fire             2
   c - Conjure Flame                  Conjuration/Fire             3
   d - Inner Flame                    Hexes/Fire                   3
   e - Sticky Flame                   Conjuration/Fire             4
   f - Fireball                       Conjuration/Fire             5
Comestibles
 c - 4 rations


   Skills:
 + Level 2.5 Dodging
 + Level 3.0 Stealth
 + Level 4.3 Spellcasting
 + Level 2.0 Conjurations
 + Level 4.3 Fire Magic


You had 10 spell levels left.
You knew the following spells:

 Your Spells              Type           Power        Failure   Level  Hunger
a - Flame Tongue          Conj/Fire      ###..        3%          1    None


Dungeon Overview and Level Annotations

Branches:
Dungeon (3/15)

Altars:


Message History

The orc hits you with a mace.
* * * LOW HITPOINT WARNING * * *
Casting: Flame Tongue
Confirm with . or Enter, or press ? or * to list all spells.
Aiming: Flame Tongue
Press: ? - help, Shift-Dir - straight line, f/p - orc
Aim: an orc, wielding a mace and wearing a leather armour (heavily wounded)
The flame tongue hits the orc.
The orc is severely wounded.
The orc barely misses you.
Casting: Flame Tongue
Confirm with . or Enter, or press ? or * to list all spells.
Aiming: Flame Tongue
Press: ? - help, Shift-Dir - straight line, f/p - orc
Aim: an orc, wielding a mace and wearing a leather armour (severely wounded)
The flame tongue hits the orc.
The orc is almost dead.
The orc barely misses you.
The orc hits you with a mace of crushing.
You die...

....###...##.(......)..#
###.# ##############...#
#.# ##.## #.# #.# #.###
#.#### #...# #....# ###.#
####)# #.################
#.# #.##.(.....o@o...# #.#
#.##.#########...# #.# #
#.##.# ####...###.#
#####.##.######..........#
.........##..............#
#####.#####...#.........##
# #.# #.......#...####
##<## #...8...#...#
####...###..8.8......#


You could see 2 orcs.

Vanquished Creatures
  3 adders
  2 worms (D:2)
  2 dart slugs (D:1)
  A leopard gecko (D:2)
  An orc (D:3)
  5 bats
  6 giant cockroaches
  3 hobgoblins
  3 kobolds
  A quokka (D:2)
  2 ball pythons (D:2)
  9 frilled lizards
  4 goblins
  7 rats
49 creatures vanquished.

Notes
Turn   | Place    | Note
-------+----------+-------------------------------------------
     0 | D:1      | nikopol the Deep Elf Fire Elementalist began the quest for the Orb.
     0 | D:1      | Reached XP level 1. HP: 10/10 MP: 6/6
   171 | D:1      | Reached XP level 2. HP: 12/15 MP: 0/8
  1030 | D:2      | Reached XP level 3. HP: 19/19 MP: 6/10
  1119 | D:2      | Found a faded altar of an unknown god.
  1531 | D:2      | Reached XP level 4. HP: 12/24 MP: 2/12
  2020 | D:2      | Slain by an orc

Skill      XL: |  1  2  3  4 |
---------------+-------------+-----
Fire Magic     | 4 |  4.3
Stealth        | 3 |  3.0
Spellcasting   | 4 |  4.3
Conjurations   | 2 |  2.0
Dodging        | |  2.5

Action                   |  1- 3 |  4- 6 || total
-------------------------+-------+-------++-------
 Cast: Flame Tongue      |    83 |    15 ||    98
  Eat: Chunk             |     2 |     1 ||     3
Armor: Robe              |     2 |     2 ||     4
Dodge: Dodged            |    17 |    11 ||    28
